Description

https://www.youtube.com/watch?v=6VeFo0pk3KA 3set oxide

VOD

https://www.youtube.com/watch?v=6VeFo0pk3KA

Replay - -_175

Build Order

Get SALT Encoding   

  12  0:00  SCV  
  13  0:12  SCV  
  14  0:17  Supply Depot  
  14  0:24  SCV  
  15  0:38  SCV  
  15  0:39  Barracks  
  15  0:42  Refinery  
  16  0:50  SCV  
  17  1:02  SCV  
  18  1:15  SCV  
  19  1:26  Reaper  
  19  1:27  Orbital Command  
  20  1:38  Command Center  
  20  1:48  Supply Depot  
  20  1:52  SCV  
  21  1:58  Marine  
  22  2:04  SCV  
  22  2:06  Factory  
  23  2:13  Bunker  
  23  2:16  SCV  
  23  2:18  Refinery  
  23  2:20  Barracks Reactor  
  24  2:28  SCV  
  25  2:40  SCV  
  26  2:49  Orbital Command  
  26  2:51  Starport  
  26  2:53  SCV  
  26  2:56  Marine x2, Widow Mine  
  31  3:05  SCV  
  32  3:14  Marine x2  
  32  3:16  SCV  
  32  3:17  Widow Mine, SCV  
  38  3:26  Supply Depot  
  38  3:28  Medivac  
  38  3:29  Barracks, SCV  
  38  3:31  SCV  
  43  3:39  Widow Mine  
  46  3:44  SCV  
  46  3:45  SCV  
  46  3:49  Supply Depot, Marine  
  46  3:50  Marine  
  46  3:52  Barracks  
  48  3:57  SCV x2  
  48  3:59  Starport Tech Lab  
  48  4:01  Factory Tech Lab  
  50  4:06  Engineering Bay  
  50  4:07  Marine  
  50  4:08  Marine  
  50  4:09  SCV  
  53  4:10  SCV  
  53  4:17  Supply Depot, Raven  
  54  4:22  Refinery, SCV x2  
  58  4:27  Stimpack  
  58  4:33  Marine x3  
  58  4:35  SCV  
  58  4:37  Supply Depot  
  63  4:38  SCV  
  63  4:46  Marine, Factory Reactor  
  63  4:49  SCV  
  63  4:50  Marine, SCV  
  63  4:51  Marine x2  
  69  4:53  Supply Depot  
  69  4:56  Refinery  
  69  5:01  SCV  
  69  5:02  SCV  
  70  5:08  Marine x2  
  70  5:09  Marine  
  70  5:10  Starport Reactor  
  70  5:13  Combat Shield, SCV  
  74  5:14  SCV  
  74  5:17  Supply Depot, Terran Infantry Weapons Level 1  
  73  5:21  Supply Depot  
  73  5:27  Marauder x2, Marine x2  
  77  5:29  Widow Mine  
  77  5:30  Widow Mine  
  77  5:44  Marine, SCV  
  77  5:45  Marine  
  77  5:46  Medivac  
  77  5:47  Medivac  
  77  5:48  Marauder x2  
  88  5:50  Widow Mine  
  88  5:52  Widow Mine  
  88  5:55  Supply Depot  
  92  6:04  Supply Depot  
  92  6:05  Marine x2  
  92  6:07  Concussive Shells  
  92  6:10  Marauder x2  
  98  6:12  Widow Mine  
  98  6:13  Widow Mine  
  98  6:17  Medivac  
  104  6:19  Supply Depot  
  104  6:24  Medivac  
  104  6:25  Marine x2  
  107  6:27  Supply Depot  
  107  6:32  Marauder x2  
  112  6:34  Widow Mine x2  
  114  6:40  Command Center  
  114  6:45  Marine  
  114  6:46  Marine  
  115  6:54  Marauder x2  
  119  6:58  Widow Mine x2  
Spawning Tool Build Advisor. Get it on Overwolf

Go to:

Details

  • Created by: koreansc2community우마갤
  • Published on: May 03, 2021
  • Modified on: May 05, 2021
  • Patch: 4.11.0
  • Difficulty: Easy
Show
View Real Time Build Order
Export as new Build Order

Comments (1)

On Aug. 3, 2021, 12:18 p.m., ghost_sc2  said:

Efficient build that flows well, however the build order is flawed. There's a missing depot somewhere between depots 3 and 4 (i.e. there needs to be another one before the 4th depot timing). This supply blocks you if you are hitting your timings, for a while...

Create an account to comment!